 Dungeon Crawl Stone Soup version 0.30.0-29-ga12c61a403 (webtiles) character file.

Game seed: 5079305048336172861

14 MacCMillion the Caller (level 2, -2/15 HPs)
             Began as a Tengu Summoner on June 8, 2023.
             Slain by a quokka (4 damage)
             ... on level 2 of the Dungeon.
             The game lasted 00:01:33 (370 turns).

MacCMillion the Caller (Tengu Summoner)              Turns: 370, Time: 00:01:33

Health: -2/15      AC:  2    Str:  8    XL:     2   Next: 45%
Magic:  0/6        EV: 12    Int: 15    God:
Gold:   18         SH:  0    Dex: 14    Spells: 4/5 levels left

rFire   . . .        c - +0 dagger
rCold   . . .        (no shield)
rNeg    . . .        a - +0 robe
rPois   .            (helmet restricted)
rElec   .            (no cloak)
rCorr   .            (no gloves)
SInv    .            (boots unavailable)
Will    .....        (no amulet)
Stlth   ++           (no ring)
HPRegen 0.22/turn    (no ring)
MPRegen 0.10/turn

%: no passive effects
@: no status effects
A: beak, talons 3
a: no special abilities


You were on level 2 of the Dungeon.
You visited 1 branch of the dungeon, and saw 2 of its levels.

You collected 18 gold pieces.

Inventory:

Hand Weapons
 c - a +0 dagger (weapon)
Armour
 a - a +0 robe (worn)
Jewellery
 d - a ring of positive energy
Scrolls
 e - a scroll of identify {unknown}
Potions
 b - a potion of magic


   Skills:
 - Level 2.1 Dodging
 - Level 2.0 Stealth
 + Level 2.4 Spellcasting
 + Level 5.2 Summonings


You had 4 spell levels left.
You knew the following spells:

 Your Spells              Type           Power      Damage    Failure   Level
a - Summon Small Mammal   Summ           68%        N/A       2%          1

Your spell library contained the following spells:

 Spells                   Type           Power      Damage    Failure   Level
 Call Imp                 Summ           34%        N/A       3%          2
 Call Canine Familiar     Summ           17%        N/A       8%          3
 Summon Guardian Golem    Hex/Summ       9%         N/A       22%         3
 Summon Lightning Spire   Summ/Air       9%         N/A       58%         4


Dungeon Overview and Level Annotations

Branches:
Dungeon (1/15)

Altars:


Innate Abilities, Weirdness & Mutations

You have a beak for a mouth.
You have claws for feet.


Message History

Your bat barely misses the adder.
Your bat closely misses the adder.
The adder bites your bat.
Your bat hits the adder.
Your magical contamination has completely faded away.
Your bat barely misses the adder.
Your bat completely misses the adder.
The adder barely misses your bat. The quokka closely misses your bat.
Your bat closely misses the adder.
The adder bites your bat.
Your bat dies!
Your bat's corpse disappears in a puff of smoke!
Your bat barely misses the adder.
The adder bites your bat.
Your bat misses the adder.
Your bat hits the quokka but does no damage.
Your bat barely misses the adder.
The adder barely misses your bat. The adder barely misses your bat.
Your bat closely misses the adder.
Your bat closely misses the adder.
The quokka barely misses your rat.
Your bat hits the adder. The quokka bites your rat. The adder bites your bat.
Your bat dies!
Your bat's corpse disappears in a puff of smoke!
The quokka barely misses your rat.
Your rat barely misses the quokka.
The quokka bites your rat.
Your rat dies!
Your rat's corpse disappears in a puff of smoke!
You hit the adder. You peck the adder, but do no damage.
The adder is almost dead.
The adder barely misses you. The quokka barely misses you.
You miss the adder. Your peck misses the adder.
The adder is almost dead.
The adder bites you but does no damage. The quokka barely misses you.
The adder bites you. The quokka bites you.
* * * LOW HITPOINT WARNING * * *
You barely miss the adder.
The adder is almost dead.
The adder barely misses you. The quokka bites you.
* * * LOW HITPOINT WARNING * * *
You hit the adder.
You kill the adder!
The quokka barely misses you.
You have reached level 2!
You closely miss the quokka. The quokka bites you.
You die...

############
#######........r@#
...†....†........#
.....##..........#
.#.#..#....†..)..#
...##...#..#######
.######...)#
#..........#
....##....# ...
#.####


You could see a quokka.

Vanquished Creatures
  An adder (D:2)
1 creature vanquished.

Vanquished Creatures (collateral kills)
  A bat (D:1)
  A goblin (D:1)
  A quokka (D:2)
  2 frilled lizards (D:2)
5 creatures vanquished.

Grand Total: 6 creatures vanquished

Notes
Turn   | Place    | Note
-------+----------+-------------------------------------------
     0 | D:1      | MacCMillion the Tengu Summoner began the quest for the Orb.
     0 | D:1      | Reached XP level 1. HP: 10/10 MP: 4/4
   277 | D:1      | You fall into a shaft and drop 1 floor!
   299 | D:2      | Reached skill level 5 in Summonings
   370 | D:2      | Reached XP level 2. HP: 2/15 MP: 0/6
   370 | D:2      | Slain by a quokka

Illustrated notes

Levels and vault maps discovered:
D:1:      spicycebolla_green_bress_n_ham, layout_basic, hangedman_decor_growths
D:2:      layout_rooms

Skill      XL: |  1 |
---------------+----+-----
Summonings     | 5 |  5.2
Dodging        | |  2.1
Stealth        | |  2.0
Spellcasting   | |  2.4

Action                     || total
---------------------------++-------
  Melee: Dagger            ||     9
         Kick              ||     1
         Peck              ||     1
   Cast: Summon Small Mamm ||    14
 Armour: Robe              ||     3
  Dodge: Dodged            ||    14
